TOP OF THE 1ST |
---|
Mississippi State Bulldogs batting - Pitching for California Golden Bears : LHP Keith O'Higgins | Pitching: LHP Keith O'Higgins | | Batting: RHB Ernesto Sánchez | 0-0: Foul Ball, location: 2F 0-1: Foul Ball, location: 2F 0-2: Foul Ball, location: 2F 0-2: Foul Ball, location: 2F 0-2: Strikes out swinging | Batting: RHB Brian Hoover | 0-0: SINGLE (Line Drive, 8LS) | Batting: RHB Dan Cross | 0-0: Called Strike 0-1: SINGLE (Groundball, 56) (infield hit) Brian Hoover to second | Batting: RHB Hunter Hudson | 0-0: Ball 1-0: Foul Ball, location: 2F 1-1: Ball 2-1: Foul Ball, location: 2F 2-2: Ball 3-2: Fielders Choice at 2nd, 3-6 (Groundball, 3) Brian Hoover to third | Batting: SHB Jessie Teague | 0-0: 3-RUN HOME RUN (Flyball, 89XD), Distance : 390 ft | Batting: SHB Tom Stewart | 0-0: Ball 1-0: Swinging Strike 1-1: Swinging Strike 1-2: Ball 2-2: Strikes out looking | Top of the 1st over - 3 runs, 3 hits, 0 errors, 0 left on base; Mississippi State 3 - California 0 | BOTTOM OF THE 1ST |
---|
California Golden Bears batting - Pitching for Mississippi State Bulldogs : RHP Toby Arnasson | Pitching: RHP Toby Arnasson | | Batting: SHB John Allen | 0-0: Foul Ball, location: 2F 0-1: Foul Ball, location: 2F 0-2: Strikes out swinging | Batting: RHB Phil Cabrera | 0-0: Fly out, F2 (Popup, 25F) | Batting: RHB Sergio González | 0-0: Foul Ball, location: 2F 0-1: SINGLE (Groundball, 6D) | Batting: RHB Joe Johnston | Pickoff Throw to First - Out! | Bottom of the 1st over - 0 runs, 1 hit, 0 errors, 0 left on base; Mississippi State 3 - California 0 | TOP OF THE 2ND |
---|
Mississippi State Bulldogs batting - Pitching for California Golden Bears : LHP Keith O'Higgins | Batting: SHB Matthew Hughes | 0-0: Foul Ball, location: 2F 0-1: Swinging Strike 0-2: Strikes out looking | Batting: LHB Juan Branch | 0-0: Ball 1-0: Foul Ball, location: 2F 1-1: Ball 2-1: Ball 3-1: Base on Balls | Batting: RHB John O'Brien | 0-0: Ball 1-0: Called Strike 1-1: SINGLE (Groundball, 3D) Juan Branch to second Runner from 2nd tries for 3rd, SAFE, no throw | Batting: RHB Ernesto Sánchez | 0-0: Called Strike 0-1: Fly out, F4 (Popup, 4MD) | Batting: RHB Brian Hoover | 0-0: Swinging Strike 0-1: Foul Ball, location: 2F 0-2: Ball 1-2: Ball 2-2: Foul Ball, location: 2F 2-2: Foul Ball, location: 2F 2-2: Ball 3-2: Strikes out swinging | Top of the 2nd over - 0 runs, 1 hit, 0 errors, 2 left on base; Mississippi State 3 - California 0 | BOTTOM OF THE 2ND |
---|
California Golden Bears batting - Pitching for Mississippi State Bulldogs : RHP Toby Arnasson | Batting: RHB Joe Johnston | 0-0: Foul Ball, location: 2F 0-1: Fly out, F7 (Flyball, 7S) | Batting: RHB Cisco Villa | 0-0: Ball 1-0: Ball 2-0: Foul Ball, location: 2F 2-1: Ball 3-1: Base on Balls | Batting: RHB Lyle Clark | 0-0: Ball 1-0: Called Strike 1-1: Called Strike 1-2: Fly out, F8 (Flyball, 8RS) | Batting: LHB Otis Johnston | 0-0: Called Strike 0-1: Called Strike 0-2: Foul Ball, location: 2F 0-2: Ball 1-2: Foul Ball, location: 2F 1-2: Strikes out swinging | Bottom of the 2nd over - 0 runs, 0 hits, 0 errors, 1 left on base; Mississippi State 3 - California 0 | TOP OF THE 3RD |
---|
Mississippi State Bulldogs batting - Pitching for California Golden Bears : LHP Keith O'Higgins | Batting: RHB Dan Cross | 0-0: Ground out 6-3 (Groundball, 6) | Batting: RHB Hunter Hudson | 0-0: Called Strike 0-1: Foul Ball, location: 2F 0-2: Ball 1-2: Ball 2-2: SINGLE (Flyball, 7LS) | Batting: SHB Jessie Teague | 0-0: Ball 1-0: Swinging Strike 1-1: Called Strike 1-2: Strikes out looking | Batting: SHB Tom Stewart | 0-0: Called Strike Throwing error on steal attempt, E2 Hunter Hudson to third 0-1: Called Strike 0-2: Strikes out looking | Top of the 3rd over - 0 runs, 1 hit, 1 error, 1 left on base; Mississippi State 3 - California 0 | BOTTOM OF THE 3RD |
---|
California Golden Bears batting - Pitching for Mississippi State Bulldogs : RHP Toby Arnasson | Batting: SHB Dan Morse | 0-0: Ball 1-0: Swinging Strike 1-1: Foul Ball, location: 2F 1-2: Foul Ball, location: 2F 1-2: Foul Ball, location: 2F 1-2: Strikes out swinging | Batting: RHB Ralph Hawkins | 0-0: Foul Ball, location: 2F 0-1: Foul Ball, location: 2F 0-2: Foul Ball, location: 2F 0-2: Ball 1-2: SINGLE (Line Drive, 4MD) | Batting: SHB John Allen | 0-0: Ball 1-0: Called Strike 1-1: DOUBLE (Flyball, 8LD) Ralph Hawkins to third Runner from 3rd tries for Home, SAFE, no throw | Batting: RHB Phil Cabrera | 0-0: Ball John Allen steals 3rd base 1-0: Foul Ball, location: 2F 1-1: Foul Ball, location: 2F 1-2: Ball 2-2: Foul Ball, location: 2F 2-2: Ball 3-2: Base on Balls | Batting: RHB Sergio González | 0-0: Called Strike 0-1: Ball 1-1: Ball 2-1: SINGLE (Groundball, 6MD) John Allen scores Phil Cabrera to second | Batting: RHB Joe Johnston | 0-0: Swinging Strike 0-1: Ball 1-1: Fly out, F9 (Flyball, 9LS) | Batting: RHB Cisco Villa | 0-0: Foul Ball, location: 2F 0-1: Fielders Choice at 2nd, 6-4 (Groundball, 6) | Bottom of the 3rd over - 2 runs, 3 hits, 0 errors, 2 left on base; Mississippi State 3 - California 2 | TOP OF THE 4TH |
---|
Mississippi State Bulldogs batting - Pitching for California Golden Bears : LHP Keith O'Higgins | Batting: SHB Matthew Hughes | 0-0: Ball 1-0: Foul Ball, location: 2F 1-1: Fly out, F9 (Flyball, 9LMF) | Batting: LHB Juan Branch | 0-0: Ball 1-0: Ball 2-0: Called Strike 2-1: Ball 3-1: SINGLE (Groundball, 34D) | Batting: RHB John O'Brien | 0-0: Ball 1-0: Ball 2-0: Grounds into double play, 1-6-3 (Groundball, 13S) | Top of the 4th over - 0 runs, 1 hit, 0 errors, 0 left on base; Mississippi State 3 - California 2 | BOTTOM OF THE 4TH |
---|
California Golden Bears batting - Pitching for Mississippi State Bulldogs : RHP Toby Arnasson | Batting: RHB Lyle Clark | 0-0: Called Strike 0-1: Foul Ball, location: 2F 0-2: Strikes out looking | Batting: LHB Otis Johnston | 0-0: Ball 1-0: Swinging Strike 1-1: Foul Ball, location: 2F 1-2: Ball 2-2: Strikes out swinging | Batting: SHB Dan Morse | 0-0: Called Strike 0-1: SINGLE (Groundball, 3D) | Batting: RHB Ralph Hawkins | 0-0: Called Strike Dan Morse steals 2nd base 0-1: Ball Wild Pitch! Dan Morse to third 1-1: Ball 2-1: Ball 3-1: Base on Balls | Batting: SHB John Allen | 0-0: Ball 1-0: Ball 2-0: Foul Ball, location: 2F 2-1: Ball 3-1: Fly out, F9 (Flyball, 9LS) | Bottom of the 4th over - 0 runs, 1 hit, 0 errors, 2 left on base; Mississippi State 3 - California 2 | TOP OF THE 5TH |
---|
Mississippi State Bulldogs batting - Pitching for California Golden Bears : LHP Keith O'Higgins | Batting: RHB Ernesto Sánchez | 0-0: Ball 1-0: Ball 2-0: Foul Ball, location: 2F 2-1: Ground out 6-3 (Groundball, 6) | Batting: RHB Brian Hoover | 0-0: SINGLE (Groundball, 25) (infield hit) | Batting: RHB Dan Cross | 0-0: Called Strike 0-1: Swinging Strike 0-2: Ball 1-2: SINGLE (Groundball, 3) (infield hit) Brian Hoover to second | Batting: RHB Hunter Hudson | 0-0: Called Strike 0-1: Ball 1-1: Foul Ball, location: 2F 1-2: SINGLE (Line Drive, 6) Brian Hoover to third Dan Cross to second Runner from 3rd tries for Home, SAFE, no throw | Batting: SHB Jessie Teague | 0-0: Ball 1-0: Swinging Strike 1-1: Called Strike 1-2: Strikes out swinging | Pitching: RHP Jacob Wallace | | Batting: SHB Tom Stewart | 0-0: Ball 1-0: Fly out, F8 (Line Drive, 8LS) | Top of the 5th over - 1 run, 3 hits, 0 errors, 2 left on base; Mississippi State 4 - California 2 | BOTTOM OF THE 5TH |
---|
California Golden Bears batting - Pitching for Mississippi State Bulldogs : RHP Toby Arnasson | Batting: RHB Phil Cabrera | 0-0: Swinging Strike 0-1: Ball 1-1: Fly out, F8 (Flyball, 8LM) | Batting: RHB Sergio González | 0-0: Ball 1-0: Ball 2-0: Swinging Strike 2-1: Ball 3-1: Swinging Strike 3-2: Strikes out looking | Batting: RHB Joe Johnston | 0-0: Ball 1-0: Ball 2-0: Called Strike 2-1: Foul Ball, location: 2F 2-2: Foul Ball, location: 2F 2-2: Fly out, F1 (Line Drive, 13) | Bottom of the 5th over - 0 runs, 0 hits, 0 errors, 0 left on base; Mississippi State 4 - California 2 | TOP OF THE 6TH |
---|
Mississippi State Bulldogs batting - Pitching for California Golden Bears : RHP Jacob Wallace | Batting: SHB Matthew Hughes | 0-0: Called Strike 0-1: Ball 1-1: Foul Ball, location: 2F 1-2: Foul Ball, location: 2F 1-2: Fly out, F8 (Flyball, 8RM) | Batting: LHB Juan Branch | 0-0: Foul Ball, location: 2F 0-1: Foul Ball, location: 2F 0-2: Ball 1-2: Ball 2-2: Strikes out swinging, 2-3 out at first. | Batting: RHB John O'Brien | 0-0: Ground out 5-3 (Groundball, 5) | Top of the 6th over - 0 runs, 0 hits, 0 errors, 0 left on base; Mississippi State 4 - California 2 | BOTTOM OF THE 6TH |
---|
California Golden Bears batting - Pitching for Mississippi State Bulldogs : RHP Toby Arnasson | Pitching: RHP Victor Justice | | Batting: RHB Cisco Villa | 0-0: Called Strike 0-1: DOUBLE (Line Drive, 8LD) | Batting: RHB Lyle Clark | 0-0: Ball 1-0: Swinging Strike 1-1: Foul Ball, location: 2F 1-2: Fly out, F3 (Popup, 3S) | Batting: LHB Otis Johnston | 0-0: Swinging Strike 0-1: SINGLE (Line Drive, 89S) Cisco Villa to third | Batting: SHB Dan Morse | 0-0: Ball 1-0: Foul Ball, location: 2F 1-1: Foul Ball, location: 2F 1-2: Ground out U3 (Groundball, 34S) Otis Johnston to second | Batting: RHB Ralph Hawkins | 0-0: Ball 1-0: Swinging Strike 1-1: Ball 2-1: Ground out 1-3 (Groundball, P) | Bottom of the 6th over - 0 runs, 2 hits, 0 errors, 2 left on base; Mississippi State 4 - California 2 | TOP OF THE 7TH |
---|
Mississippi State Bulldogs batting - Pitching for California Golden Bears : RHP Jacob Wallace | Batting: RHB Ernesto Sánchez | 0-0: Ball 1-0: Foul Ball, location: 2F 1-1: Ball 2-1: Ball 3-1: Base on Balls | Batting: RHB Brian Hoover | 0-0: Sac Bunt - play at first, batter OUT! 5-3 Ernesto Sánchez to second | Batting: RHB Dan Cross | 0-0: Ball 1-0: Called Strike 1-1: Foul Ball, location: 2F 1-2: Ball 2-2: Fly out, F8 (Flyball, 8RD) | Batting: RHB Hunter Hudson | 0-0: Ball 1-0: Foul Ball, location: 2F 1-1: Ball 2-1: Foul Ball, location: 2F 2-2: Ball 3-2: Foul Ball, location: 2F 3-2: Foul Ball, location: 2F 3-2: Fly out, F1 (Line Drive, 13) | Top of the 7th over - 0 runs, 0 hits, 0 errors, 1 left on base; Mississippi State 4 - California 2 | BOTTOM OF THE 7TH |
---|
California Golden Bears batting - Pitching for Mississippi State Bulldogs : RHP Victor Justice | Batting: SHB John Allen | 0-0: Ball 1-0: Ball 2-0: Swinging Strike 2-1: Ball 3-1: Base on Balls | Batting: RHB Phil Cabrera | 0-0: Grounds into double play, 5-4-3 (Groundball, 56) | Batting: RHB Sergio González | 0-0: Fly out, F4 (Line Drive, 4) | Bottom of the 7th over - 0 runs, 0 hits, 0 errors, 0 left on base; Mississippi State 4 - California 2 | TOP OF THE 8TH |
---|
Mississippi State Bulldogs batting - Pitching for California Golden Bears : RHP Jacob Wallace | Batting: SHB Jessie Teague | 0-0: Ball 1-0: Called Strike 1-1: Foul Ball, location: 2F 1-2: Ball 2-2: Foul Ball, location: 2F 2-2: Foul Ball, location: 2F 2-2: Foul Ball, location: 2F 2-2: Foul Ball, location: 2F 2-2: Ball 3-2: SINGLE (Line Drive, 89S) | Batting: SHB Tom Stewart | 0-0: SINGLE (Line Drive, 4M) Jessie Teague to second | Batting: SHB Matthew Hughes | 0-0: Ball 1-0: Ground out U3 (Groundball, 34S) Jessie Teague to third Tom Stewart to second | Batting: LHB Juan Branch | 0-0: Intentional Walk | Pinch Hitting: RHB Abel Moore | 0-0: Ball 1-0: Swinging Strike 1-1: Ball 2-1: Grounds into fielders choice 2-2 (Groundball, 15S) Tom Stewart to third Juan Branch to second | Batting: RHB Ernesto Sánchez | 0-0: Ball 1-0: Ball 2-0: Ball 3-0: Base on Balls Tom Stewart scores Juan Branch to third Abel Moore to second | Pitching: RHP Duane Novak | | Batting: RHB Brian Hoover | 0-0: Called Strike 0-1: Swinging Strike 0-2: Ball 1-2: Foul Ball, location: 2F 1-2: Strikes out looking | Top of the 8th over - 1 run, 2 hits, 0 errors, 3 left on base; Mississippi State 5 - California 2 | BOTTOM OF THE 8TH |
---|
California Golden Bears batting - Pitching for Mississippi State Bulldogs : RHP Victor Justice | Now in RF: Bryant Newell | | Batting: RHB Joe Johnston | 0-0: Swinging Strike 0-1: Foul Ball, location: 2F 0-2: Ball 1-2: Ball 2-2: Strikes out swinging | Batting: RHB Cisco Villa | 0-0: Foul Ball, location: 2F 0-1: Called Strike 0-2: Ball 1-2: Strikes out looking | Batting: RHB Lyle Clark | 0-0: SINGLE (Line Drive, 7LM) | Batting: LHB Otis Johnston | 0-0: Foul Ball, location: 2F 0-1: SINGLE (Flyball, 9LM) Lyle Clark to second Runner from 2nd tries for 3rd, SAFE, throw made to third | Batting: SHB Dan Morse | 0-0: Ball 1-0: Ball 2-0: Ball 3-0: Called Strike 3-1: Foul Ball, location: 2F 3-2: Fly out, F7 (Flyball, 7LS) | Bottom of the 8th over - 0 runs, 2 hits, 0 errors, 2 left on base; Mississippi State 5 - California 2 | TOP OF THE 9TH |
---|
Mississippi State Bulldogs batting - Pitching for California Golden Bears : RHP Duane Novak | Batting: RHB Dan Cross | 0-0: Ball 1-0: Fly out, F7 (Flyball, 7LS) | Batting: RHB Hunter Hudson | 0-0: Ball 1-0: Foul Ball, location: 2F 1-1: Called Strike 1-2: Ball 2-2: Foul Ball, location: 2F 2-2: Foul Ball, location: 2F 2-2: Strikes out looking | Batting: SHB Jessie Teague | 0-0: SINGLE (Flyball, 9S) | Batting: SHB Tom Stewart | 0-0: Foul Ball, location: 2F 0-1: Foul Ball, location: 2F 0-2: Ball 1-2: Strikes out swinging | Top of the 9th over - 0 runs, 1 hit, 0 errors, 1 left on base; Mississippi State 5 - California 2 | BOTTOM OF THE 9TH |
---|
California Golden Bears batting - Pitching for Mississippi State Bulldogs : RHP Victor Justice | Pitching: RHP Rubén Romero | | Batting: RHB Ralph Hawkins | 0-0: Ball 1-0: Called Strike 1-1: Ball 2-1: SINGLE (Groundball, 6MD) | Batting: SHB John Allen | 0-0: Called Strike 0-1: Ball 1-1: Ball 2-1: Ball 3-1: Called Strike 3-2: DOUBLE (Flyball, 89D) Ralph Hawkins to third | Batting: RHB Phil Cabrera | 0-0: Foul Ball, location: 2F 0-1: Ball 1-1: Swinging Strike 1-2: Ball 2-2: Foul Ball, location: 2F 2-2: Strikes out swinging | Batting: RHB Sergio González | 0-0: Ball 1-0: Ground out 6-3 (Groundball, 6D) Ralph Hawkins scores | Pinch Hitting: RHB Greg Brown | 0-0: Ball 1-0: Swinging Strike 1-1: Ball 2-1: Foul Ball, location: 2F 2-2: Foul Ball, location: 2F 2-2: Foul Ball, location: 2F 2-2: Foul Ball, location: 2F 2-2: Fly out, F9 (Flyball, 9LD) | Bottom of the 9th over - 1 run, 2 hits, 0 errors, 1 left on base; Mississippi State 5 - California 3 | |